 Dungeon Crawl Stone Soup version 0.19.4-8-ga85b6b9 (webtiles) character file.

760 Naow the Cleaver (level 7, -2/85 HPs)
             Began as a Minotaur Berserker on Feb 13, 2017.
             Was a Priest of Trog.
             Slain by a phantom (6 damage)
             ... on level 4 of the Dungeon.
             The game lasted 00:03:55 (4148 turns).

Naow the Cleaver (Minotaur Berserker)               Turns: 4148, Time: 00:03:56

Health: -2/85      AC:  2    Str: 29    XL:     7   Next: 50%
Magic:  6/6        EV: 12    Int:  4    God:    Trog [***...]
Gold:   209        SH:  0    Dex:  9    Spells: 0 memorised, 6 levels left

rFire  . . .     SeeInvis .     a - +0 hand axe
rCold  . . .     Gourm    .     b - +0 animal skin
rNeg   . . .     Faith    .     (no shield)
rPois  .         Spirit   .     (helmet restricted)
rElec  .         Reflect  .     (no cloak)
rCorr  .         Harm     .     (no gloves)
MR     ++...                    (no boots)
Stlth  ..........               (no amulet)
                                (no ring)
                                (no ring)

@: berserking (expiring), regenerating, very quick
A: retaliatory headbutt, horns 2
a: Berserk, Trog's Hand, Burn Spellbooks, Renounce Religion


You were on level 4 of the Dungeon.
You worshipped Trog.
Trog was most pleased with you.
You were very hungry.

You visited 1 branch of the dungeon, and saw 4 of its levels.

You collected 209 gold pieces.

Inventory:

Hand Weapons
 a - a +0 hand axe (weapon)
Armour
 b - a +0 animal skin (worn)
Jewellery
 i - an uncursed ring of wizardry {unknown}
 j - an uncursed ring of see invisible {unknown}
 w - an uncursed amulet of harm {unknown}
Wands
 k - a wand of flame (15/48)
Scrolls
 d - 2 scrolls of recharging {unknown}
 g - 2 scrolls of identify {unknown}
 h - a scroll of random uselessness {unknown}
 m - a scroll of enchant weapon {unknown}
 n - 2 scrolls of fear {unknown}
 q - 2 scrolls of amnesia {unknown}
 s - a scroll of remove curse {unknown}
 t - a scroll of noise {unknown}
 u - 2 scrolls of blinking {unknown}
 x - a scroll of fog {unknown}
Potions
 e - 2 potions of agility {unknown}
 f - a potion of lignification {unknown}
 l - a potion of haste {unknown}
 o - a potion of might {unknown}
 p - a potion of cure mutation {unknown}
Comestibles
 c - 6 bread rations
 r - a royal jelly


   Skills:
 - Level 3.6 Fighting
 + Level 10.6 Axes
 - Level 2.4 Armour
 - Level 2.1 Dodging


You had 6 spell levels left.
You didn't know any spells.

Dungeon Overview and Level Annotations

Branches:
Dungeon (4/15)
 Temple: D:4-7

Altars:
Gozag
Uskayaw


Innate Abilities, Weirdness & Mutations

You reflexively headbutt those who attack you in melee.
You have a pair of horns on your head.


Message History

You slash the gnoll!
You kill the gnoll!
Trog accepts your kill.
You hit the gnoll. You hit the phantom. You barely miss the gnoll.
The gnoll hits you with a flail!
* * * LOW HITPOINT WARNING * * *
You closely miss the gnoll. You headbutt the gnoll.
The gnoll is severely wounded.
You closely miss the phantom. You barely miss the gnoll.
The gnoll completely misses you. The phantom hits you.
* * * LOW HITPOINT WARNING * * *
You slice the gnoll!!
You kill the gnoll!
Trog accepts your kill.
You hit the phantom. You slash the gnoll! You slash the gnoll!
You kill the gnoll!
Trog accepts your kill.
You closely miss the phantom. The phantom hits you.
You die...

...........#
......>...#
.#.......#
#........#
.###8.......#
............#
......)))...#
...![..@)...#
........W...#
......$.....#
............#
............#
............#
............#
............#
...........(########


You could see a phantom.

Vanquished Creatures
  Grinder (D:3)
  Sigmund (D:3)
  A scorpion (D:3)
  A gnoll shaman (D:4)
  A bullfrog skeleton (D:4)
  An orc wizard (D:3)
  A centaur skeleton (D:3)
  Jessica (D:3)
  Natasha (twice) (D:3)
  5 gnolls (D:4)
  5 adders
  2 oozes
  A leopard gecko (D:1)
  7 orcs
  5 bats
  9 goblins
  6 hobgoblins
  3 jackals (D:2)
  7 kobolds
  2 quokkas
  2 ball pythons (D:2)
  6 frilled lizards
  9 rats
79 creatures vanquished.

Notes
Turn   | Place    | Note
-------+----------+-------------------------------------------
     0 | D:1      | Naow the Minotaur Berserker began the quest for the Orb.
     0 | D:1      | Reached XP level 1. HP: 19/19 MP: 0/0
   122 | D:1      | Reached skill level 4 in Axes
   396 | D:1      | Reached XP level 2. HP: 26/26 MP: 1/1
   808 | D:1      | Reached skill level 5 in Axes
  1161 | D:1      | Reached XP level 3. HP: 31/31 MP: 2/2
  1234 | D:2      | Reached ** piety under Trog
  2090 | D:3      | Reached skill level 6 in Axes
  2090 | D:3      | Reached XP level 4. HP: 38/39 MP: 3/3
  2179 | D:3      | Noticed Jessica
  2191 | D:3      | Killed Jessica
  2320 | D:3      | Found an opulent altar of Gozag.
  2378 | D:3      | Reached skill level 7 in Axes
  2378 | D:3      | Reached XP level 5. HP: 5/45 MP: 4/4
  2730 | D:3      | Noticed Natasha
  2733 | D:3      | Killed Natasha
  3028 | D:3      | Found a hide-covered altar of Uskayaw.
  3033 | D:3      | Reached skill level 8 in Axes
  3225 | D:3      | Noticed Grinder
  3235 | D:3      | Paralysed by Grinder for 7 turns
  3247 | D:3      | Killed Grinder
  3247 | D:3      | Reached skill level 9 in Axes
  3247 | D:3      | Reached XP level 6. HP: 23/51 MP: 5/5
  3823 | D:3      | Noticed Sigmund
  3834 | D:3      | Killed Sigmund
  3834 | D:3      | Reached skill level 10 in Axes
  3834 | D:3      | Reached XP level 7. HP: 57/57 MP: 6/6
  4010 | D:3      | Noticed Natasha
  4014 | D:3      | Killed Natasha
  4050 | D:4      | Reached *** piety under Trog
  4146 | D:4      | HP: 3/85 [phantom (6)]
  4148 | D:4      | Slain by a phantom

Skill      XL: |  1  2  3  4  5  6 |
---------------+-------------------+-----
Axes           | 4 5 6 7 9 10 | 10.6
Fighting       | |  3.6
Armour         | |  2.4
Dodging        | |  2.1

Action                   |  1- 3 |  4- 6 |  7- 9 || total
-------------------------+-------+-------+-------++-------
Melee: Hand axe          |    91 |    89 |    22 ||   202
       Headbutt          |    10 |    11 |     3 ||    24
Invok: Berserk           |       |     4 |     1 ||     5
       Trog's Hand       |       |     1 |     1 ||     2
 Stab: Sleeping          |     1 |       |       ||     1
  Eat: Chunk             |     4 |     8 |     2 ||    14
Armor: Animal skin       |    20 |     5 |     1 ||    26
Dodge: Dodged            |    66 |    36 |    13 ||   115
